 Dungeon Crawl Stone Soup version 0.26.0-7-g794d0892b4 (webtiles) character file.

Game seed: 12531483919192959358

3782 trckry the Destroyer (level 10, 0/51 HPs)
             Began as a Vine Stalker Conjurer on Jan 10, 2021.
             Slain by a two-headed ogre
             ... wielding a +0 giant club
              (31 damage)
             ... on level 9 of the Dungeon.
             The game lasted 00:28:23 (9283 turns).

trckry the Destroyer (Vine Stalker Conjurer)        Turns: 9283, Time: 00:28:24

Health: 0/51       AC:  3    Str: 11      XL:     10   Next: 16%
Magic:  0/18       EV: 12    Int: 21      God:
Gold:   451        SH:  0    Dex:  5 (12) Spells: 14/19 levels left

rFire    . . .     SeeInvis .   y - +5 flail
rCold    . . .     Faith    .   (no shield)
rNeg     . . .     Spirit   +   a - +0 robe
rPois    +         Reflect  .   d - +0 helmet
rElec    .         Harm     +   i - scarf {harm}
rCorr    .         Rampage  .   (no gloves)
Will     ++...                  (no boots)
Stlth    ++........             x - amulet of inaccuracy (curse)
HPRegen  0.57/turn              c - ring of willpower
MPRegen  0.16/turn              p - ring of poison resistance

@: no status effects
A: fangs 3, regeneration 1, magic shield, antimagic bite, no potion heal 3
a: no special abilities


You were on level 9 of the Dungeon.
You visited 2 branches of the dungeon, and saw 10 of its levels.

You collected 451 gold pieces.

Inventory:

Hand Weapons
 y - a +5 flail (weapon)
 L - a +0 quarterstaff
Missiles
 o - 40 poisoned darts
Armour
 a - a +0 robe (worn)
 d - a +0 helmet (worn)
 i - a scarf of harm (worn)
 D - a +2 leather armour of fire resistance
Magical Staves
 G - an uncursed staff of cold {unknown}
Jewellery
 c - a ring of willpower (left hand)
 p - a ring of poison resistance (right hand)
 x - a cursed amulet of inaccuracy (around neck)
 N - an uncursed ring of protection from cold {unknown}
 O - a +4 ring of evasion
 P - an uncursed ring of resist corrosion {unknown}
 Q - a +6 ring of intelligence {unknown}
Wands
 w - a wand of digging (5)
 C - a wand of polymorph (11)
 I - a wand of acid (9)
 J - a wand of iceblast (9)
Scrolls
 e - 2 scrolls of immolation {unknown}
 f - 5 scrolls of teleportation {unknown}
 g - a scroll of fear {unknown}
 j - 3 scrolls of identify {unknown}
 m - 9 scrolls of remove curse {unknown}
 n - a scroll of fog {unknown}
 A - 2 scrolls of magic mapping {unknown}
 B - a scroll of enchant weapon {unknown}
 E - a scroll of amnesia {unknown}
 H - a scroll of torment {unknown}
 K - a scroll of summoning {unknown}
Potions
 b - 5 potions of curing {unknown}
 h - a potion of degeneration {unknown}
 k - 3 potions of mutation {unknown}
 l - 3 potions of berserk rage {unknown}
 q - a potion of magic {unknown}
 r - a potion of ambrosia {unknown}
 s - 2 potions of haste {unknown}
 t - a potion of flight {unknown}
 u - a potion of heal wounds {unknown}
 v - a potion of attraction {unknown}
 z - a potion of lignification {unknown}
 F - a potion of invisibility {unknown}
 M - a potion of brilliance {unknown}


   Skills:
 + Level 4.6 Fighting
 + Level 2.0 Staves
 + Level 4.6 Dodging
 - Level 2.4 Stealth
 + Level 5.3 Spellcasting
 * Level 8.5 Conjurations
 * Level 6.6 Summonings
 + Level 2.5 Ice Magic
 + Level 2.6 Air Magic


You had 14 spell levels left.
You knew the following spells:

 Your Spells              Type           Power        Failure   Level
a - Magic Dart            Conj           100%         1%          1
b - Searing Ray           Conj           82%          1%          2
c - Call Imp              Summ           33%          1%          2

Your spell library contained the following spells:

 Spells                   Type           Power        Failure   Level
 Summon Small Mammal      Summ           100%         1%          1
 Call Canine Familiar     Summ           33%          1%          3
 Dazzling Flash           Conj/Hex       46%          5%          3
 Summon Guardian Golem    Hex/Summ       19%          9%          3
 Animate Skeleton         Necr           10%          11%         1
 Apportation              Tloc           10%          11%         1
 Beastly Appendage        Tmut           10%          11%         1
 Corona                   Hex            5%           11%         1
 Wereblood                Tmut           5%           16%         2
 Summon Ice Beast         Ice/Summ       24%          16%         4
 Summon Lightning Spire   Summ/Air       25%          16%         4
 Fulminant Prism          Conj/Hex       11%          19%         4
 Iskenderun's Mystic Bla  Conj/Tloc      23%          19%         4
 Spider Form              Tmut/Pois      2%           32%         3
 Ice Form                 Ice/Tmut       10%          52%         4
 Blade Hands              Tmut           2%           96%         5


Dungeon Overview and Level Annotations

Branches:
Dungeon (9/15)             Temple (1/1) D:7
   Lair: D:8-11         Orc: D:9-12

Altars:
Cheibriados
Dithmenos
Elyvilon
Fedhas
Gozag
Hepliaklqana
Kikubaaqudgha
Makhleb
Nemelex Xobeh
Okawaru
Qazlal
Ru
Sif Muna
Trog
Uskayaw
Vehumet
Wu Jian
Yredelemnul
Zin
The Shining One

Annotations:
D:3 Grinder


Innate Abilities, Weirdness & Mutations

You have razor-sharp teeth.
Your natural rate of healing is unusually fast.
When hurt, damage is shared between your health and your magic reserves.
Your bite disrupts and absorbs the magic of your enemies.
Potions cannot restore your health.


Message History

Your iron imp closely misses the quasit.
Okay, then.
You closely miss the two-headed ogre.
The two-headed ogre is severely wounded.
The quasit bites you.
The quasit claws you but does no damage.
The quasit barely misses you. The two-headed ogre misses you.
The two-headed ogre hits you with a +0 giant spiked club!
The quasit bites you.
You feel clumsy. The quasit claws you. The quasit barely misses you.
Your iron imp hits the quasit but does no damage.
You hit the two-headed ogre.
The two-headed ogre is almost dead.
The quasit bites you but does no damage.
The quasit claws you. The quasit barely misses you.
The two-headed ogre misses you.
The two-headed ogre hits you with a +0 giant spiked club!!
Ouch! That really hurt!
You die...

####.## ##.##### ##.#
...#..###.######### ####..###
##.#......# #.....# #.......#
...#......###.....# #.##.##.#
....#...#.........# #.##.##.#
...##...##.##.....# #.##.##.#
##.#.###.#[##.....# #†##.##.#
....## ##..##########.##.##.#
##...###....##55@O..#.......#
#.#..#..##.##.####.####.####
#......>##.##.####.# #.#
####...............# #.#
#####..#[#..##.#.##.####.#
...##....#..##.#.........#
............##......######
.#.##......###.####.#
.#.##.###### #......#


You could see a two-headed ogre, a quasit and a friendly iron imp (summoned).

Vanquished Creatures
  A two-headed ogre (D:9)
  Joseph (D:9)
  A sky beast (D:5)
  A necrophage (D:7)
  3 ogres
  A centaur (D:9)
  6 bullfrogs
  2 scorpions
  2 water moccasin skeletons
  2 vampire bats (D:8)
  4 wights (D:6)
  6 howler monkeys
  3 quasits
  6 orc priests
  A centaur skeleton (D:7)
  A gnoll shaman (D:7)
  3 hounds
  2 jellies
  4 bullfrog skeletons
  An iguana (D:8)
  7 orc wizards
  4 worker ants
  A hound zombie (D:6)
  2 hound skeletons
  Robin (D:2)
  8 gnolls
  6 adders
  A shadow imp (D:6)
  2 white imps
  3 ufetubi
  An ooze (D:3)
  An adder zombie (D:9)
  An adder skeleton (D:9)
  6 worms
  4 leopard geckos
  27 orcs
  5 bats
  3 bat skeletons (D:8)
  4 bat zombies (D:8)
  3 giant cockroaches
  10 goblins
  10 hobgoblins
  12 jackals
  6 quokkas
  A ball python (D:2)
  A ball python skeleton (D:4)
  A ball python zombie (D:5)
  7 frilled lizards
  2 goblin skeletons (D:8)
  2 goblin zombies (D:8)
  3 hobgoblin zombies (D:8)
  A jackal skeleton (D:4)
  7 kobolds
  2 kobold zombies (D:8)
  A quokka skeleton (D:6)
  A quokka zombie (D:7)
  4 rats
212 creatures vanquished.

Notes
Turn   | Place    | Note
-------+----------+-------------------------------------------
     0 | D:1      | trckry the Vine Stalker Conjurer began the quest for the
                  | Orb.
     0 | D:1      | Reached XP level 1. HP: 9/9 MP: 4/4
   138 | D:1      | Reached XP level 2. HP: 14/14 MP: 0/6
   843 | D:2      | Reached XP level 3. HP: 11/17 MP: 0/7
   999 | D:2      | Reached skill level 1 in Fighting
  1334 | D:2      | Found an opulent altar of Gozag.
  1493 | D:2      | Noticed Robin
  1558 | D:2      | Killed Robin
  1559 | D:2      | Gained mutation: Your natural rate of healing is unusually
                  | fast. [Vine Stalker growth]
  1559 | D:2      | Reached XP level 4. HP: 16/22 MP: 1/8
  1836 | D:2      | Found a blossoming altar of Fedhas.
  2032 | D:2      | Reached skill level 5 in Conjurations
  2243 | D:3      | Noticed Grinder
  2297 | D:3      | Found a hazy altar of Hepliaklqana.
  2440 | D:3      | Learned a level 2 spell: Searing Ray
  2476 | D:3      | Reached XP level 5. HP: 26/26 MP: 5/9
  2634 | D:3      | You fall into a shaft and drop 3 floors!
  2819 | D:5      | Entered Level 5 of the Dungeon
  2823 | D:5      | Reached skill level 1 in Summonings
  2886 | D:5      | Found a stormy altar of Qazlal.
  3044 | D:5      | Reached XP level 6. HP: 30/30 MP: 5/11
  3499 | D:4      | Reached XP level 7. HP: 35/35 MP: 5/12
  3744 | D:4      | Reached skill level 6 in Conjurations
  4729 | D:5      | Learned a level 2 spell: Call Imp
  4858 | D:6      | Gained mutation: You have razor-sharp teeth. [Vine Stalker
                  | growth]
  4858 | D:6      | Reached XP level 8. HP: 39/39 MP: 4/14
  5299 | D:6      | Found a shimmering blue altar of Sif Muna.
  5790 | D:7      | Reached skill level 7 in Conjurations
  5878 | D:7      | Found a staircase to the Ecumenical Temple.
  5953 | Temple   | Entered the Ecumenical Temple
  6333 | D:7      | Reached skill level 5 in Summonings
  6595 | D:7      | Reached XP level 9. HP: 44/45 MP: 8/16
  7691 | D:8      | Reached skill level 1 in Air Magic
  7847 | D:8      | Found a glowing golden altar of the Shining One.
  7958 | D:8      | Reached skill level 1 in Ice Magic
  8118 | D:8      | Found a radiant altar of Vehumet.
  8166 | D:8      | Found an ancient bone altar of Kikubaaqudgha.
  8243 | D:8      | Reached skill level 8 in Conjurations
  8548 | D:9      | Noticed Joseph
  8550 | D:9      | Reached skill level 1 in Staves
  8556 | D:9      | Killed Joseph
  8557 | D:9      | Reached skill level 5 in Spellcasting
  9057 | D:9      | Noticed a two-headed ogre
  9057 | D:9      | Noticed a two-headed ogre
  9084 | D:9      | Killed a two-headed ogre
  9085 | D:9      | Reached XP level 10. HP: 14/51 MP: 3/18
  9283 | D:9      | Slain by a two-headed ogre

Illustrated notes

Levels and vault maps discovered:
D:1:      doesnt_arrival_eight_statues, layout_rooms,
          amcnicky_mini_rare_corridor_liquid, minmay_misc_feat_four_crosses
D:2:      layout_basic, grunt_gozag_statues, fedhas_ov_isle_minmay, uniq_robin
D:3:      layout_loops_ring, lemuel_coloured_pillars_altar,
          gammafunk_temple_overflow_pools, chequers_ecumenical_altar_lobes,
          uniq_grinder
D:4:      layout_basic
D:5:      layout_loops_cross, nicolae_qazlal_general_emergency
D:6:      layout_loops_corners, nicolae_overflow_crystal_walls
D:7:      layout_basic, minmay_temple_entry_glass
D:8:      layout_loops_ring, nicolae_tso_besieged_by_evil,
          kennysheep_vampire_church, vehumet_crystals
D:9:      layout_loops_cross, chequers_serial_rivers_micro_b,
          skrybe_limestone_x, solitary_fountain, uniq_pikel, uniq_joseph,
          uniq_harold
Temple:   minmay_temple_curvy_branch

Skill      XL: |  1  2  3  4  5  6  7  8  9 |
---------------+----------------------------+-----
Fighting       | 1 2 3 4 |  4.6
Dodging        | 2 3 4 |  4.6
Conjurations   | 5 6 7 8 |  8.5
Summonings     | 1 2 3 5 6 |  6.6
Spellcasting   | 3 4 5 |  5.3
Air Magic      | 2 |  2.6
Ice Magic      | 2 |  2.5
Staves         | 2 |  2.0
Stealth        | |  2.4

Action                   |  1- 3 |  4- 6 |  7- 9 | 10-12 || total
-------------------------+-------+-------+-------+-------++-------
Melee: Unarmed           |    15 |       |       |       ||    15
       Bite              |     1 |     8 |    21 |       ||    30
       Spear             |       |    73 |    17 |       ||    90
       Flail             |       |       |   122 |     4 ||   126
 Cast: Magic Dart        |    82 |    52 |    15 |     1 ||   150
       Searing Ray       |       |    11 |    54 |     1 ||    66
       Call Imp          |       |       |       |    15 ||    15
 Stab: Sleeping          |       |     4 |     1 |       ||     5
Armor: Robe              |     7 |    12 |    80 |     8 ||   107
Dodge: Dodged            |    20 |    36 |   206 |    16 ||   278
